 Dungeon Crawl Stone Soup version 0.31-a0-233-g139696dc86 (webtiles) character file.

Game seed: 16013342813513168180

114 experimilk the Stinger (level 4, 0/33 HPs)
             Began as a Draconian Venom Mage on July 7, 2023.
             Killed from afar by an orc wizard (3 damage)
             ... with a magic dart
             ... on level 3 of the Dungeon.
             The game lasted 00:05:00 (3134 turns).

experimilk the Stinger (Draconian Venom Mage)       Turns: 3134, Time: 00:05:01

Health: 0/33       AC:  5    Str: 10    XL:     4   Next: 67%
Magic:  7/7        EV: 12    Int: 18    God:
Gold:   132        SH:  0    Dex: 11    Spells: 6/7 levels left

rFire   . . .        m - +0 trident
rCold   . . .        (no shield)
rNeg    . . .        (body armour unavailable)
rPois   +            (helmet restricted)
rElec   .            (no cloak)
rCorr   .            (no gloves)
SInv    .            (no boots)
Will    .....        (no amulet)
Stlth   ++           g - ring of poison resistance
HPRegen 0.25/turn    (no ring)
MPRegen 0.10/turn

%: no passive effects
@: no status effects
A: AC +5, unfitting armour, cold-blooded
a: no special abilities


You were on level 3 of the Dungeon.
You visited 1 branch of the dungeon, and saw 3 of its levels.

You collected 132 gold pieces.

Inventory:

Hand Weapons
 m - a +0 trident (weapon)
Jewellery
 g - a ring of poison resistance (left hand)
Scrolls
 b - 2 scrolls of identify
 c - a scroll of silence {unknown}
 d - a scroll of amnesia {unknown}
 e - a scroll of vulnerability {unknown}
 f - 2 scrolls of fog
 h - 2 scrolls of enchant weapon {unknown}
 i - a scroll of poison {unknown}
 j - a scroll of revelation {unknown}
 k - 2 scrolls of blinking {unknown}
 l - a scroll of noise {unknown}


   Skills:
 - Level 1.7 Dodging
 - Level 1.7 Stealth
 - Level 2.0 Spellcasting
 - Level 1.0 Transmutations
 * Level 5.5 Poison Magic


You had 6 spell levels left.
You knew the following spells:

 Your Spells              Type           Power      Damage    Failure   Level
a - Sting                 Tmut/Pois      52%        1d5       4%          1

Your spell library contained the following spells:

 Spells                   Type           Power      Damage    Failure   Level
 Poisonous Vapours        Pois/Air       22%        N/A       9%          2
 Cigotuvi's Dreadful Rot  Necr/Pois/Air  16%        N/A       13%         2
 Olgreb's Toxic Radiance  Pois           21%        N/A       19%         4
 Mephitic Cloud           Conj/Pois/Air  8%         N/A       26%         3
 Dispel Undead            Necr           1%         3d6       87%         4
 Death Channel            Necr           0%         N/A       100%        6


Dungeon Overview and Level Annotations

Branches:
Dungeon (2/15)

Altars:
Wu Jian

Shops:
D:2 [


Innate Abilities, Weirdness & Mutations

Your plain brown scales are hard. (AC +5)
You cannot fit into any form of body armour.
You are cold-blooded and may be slowed by cold attacks.


Message History

You closely miss the orc.
The orc is heavily wounded.
The orc priest calls upon Beogh to heal the orc.
The orc's wounds heal themselves!
The orc hits you but does no damage.
You barely miss the orc. The orc hits you but does no damage.
You hit the orc.
The orc is lightly wounded.
The orc priest looks more healthy.
The orc hits you but does no damage.
You puncture the orc!
You kill the orc!
The rat twitches its whiskers.
Something hits you but does no damage.
You hit something but do no damage. Something hits you but does no damage.
You miss something. Something hits you but does no damage.
You hit something. Something hits you but does no damage.
The orc priest looks satisfied for a moment.
Something hits you but does no damage.
You miss something. Something hits you but does no damage.
You completely miss something.
Your transformation is almost over.
Something completely misses you.
You barely miss something. Something hits you but does no damage.
The orc priest begins to cast a cantrip, but forgets the words!
Something hits you.
* * * LOW HITPOINT WARNING * * *
You closely miss something. Something hits you but does no damage.
You miss something. Something hits you but does no damage.
You miss something. Something hits you but does no damage.
You miss something. Something hits you.
* * * LOW HITPOINT WARNING * * *
Something hits you but does no damage.
You closely miss something. Something hits you but does no damage.
You hit something.
You feel less wooden. Something hits you but does no damage.
You miss something.
You hear some strange, mumbled words.
A magic dart appears from out of thin air!
The magic dart hits you.
You die...

#.......'....+.....
#..####.#....#.###.
#..# #.#....#.# #.
#..####.#....#.###.
#.......######.##..
#.####### ##'##..
#.# #...#(.
#.######### #...#..
#.@{or....# #...#.)
####o..##+###...#..
#.......###..#..
########.......#
#..###
......).r$.....#
#.....
...............#
#.####
....oo..###.#+## #.
♣......r# .# #.
♣.......# .# ..


You could see an orc priest, an orc and a rat.

Vanquished Creatures
  Jessica (D:2)
  3 adders (D:2)
  3 worms (D:2)
  A dart slug (D:3)
  2 orcs (D:3)
  4 ball pythons
  4 bats
  2 endoplasms
  2 giant cockroaches
  3 goblins
  7 hobgoblins
  3 frilled lizards
  7 kobolds
  7 rats (D:1)
49 creatures vanquished.

Notes
Turn   | Place    | Note
-------+----------+-------------------------------------------
     0 | D:1      | experimilk the Draconian Venom Mage began the quest for the
                  | Orb.
     0 | D:1      | Reached XP level 1. HP: 14/14 MP: 3/3
   351 | D:1      | Upgraded the game from 0.31-a0-229-g1fc7ce93e2 to
                  | 0.31-a0-233-g139696dc86
   357 | D:1      | Reached XP level 2. HP: 20/20 MP: 1/5
  1004 | D:1      | Reached skill level 4 in Poison Magic
  1662 | D:2      | Noticed Jessica
  1748 | D:2      | Reached XP level 3. HP: 26/26 MP: 2/6
  1845 | D:2      | Killed Jessica
  1916 | D:2      | Reached XP level 4. HP: 23/33 MP: 1/7
  2073 | D:2      | Reached skill level 5 in Poison Magic
  2550 | D:2      | Found Tuij's Antique Armour Shoppe.
  2631 | D:2      | You fall into a shaft and drop 1 floor!
  2631 | D:3      | Found an ornate altar of the Wu Jian Council.
  3134 | D:3      | Killed from afar by an orc wizard

Illustrated notes

Levels and vault maps discovered:
D:1:      dpeg_arrival_subterranean_lakeside_camping, layout_basic,
          roderic_roman_lattice, st_stairs_12, nicolae_the_louvre
D:2:      layout_loops_ring, serial_shops, shop, uniq_jessica
D:3:      layout_basic, nzn_wu_jian_contemplation,
          shapermc_ecumenical_altar_totnotflames, ebering_ghost_sewer_d,
          kennysheep_path_1, uniq_crazy_yiuf_cottage

Skill      XL: |  1  2  3  4 |
---------------+-------------+-----
Poison Magic   | 4 5 |  5.5
Dodging        | |  1.7
Stealth        | |  1.7
Spellcasting   | |  2.0
Transmutations | |  1.0

Action                     |  1- 3 |  4- 6 || total
---------------------------+-------+-------++-------
  Melee: Unarmed           |     7 |       ||     7
         Whip              |    21 |     7 ||    28
         Tailslap          |     3 |     2 ||     5
         Trident           |       |    27 ||    27
   Cast: Sting             |    61 |    45 ||   106
    Use: Potion            |     1 |     1 ||     2
         Scroll            |       |     1 ||     1
 Armour: Skin              |    11 |    31 ||    42
  Dodge: Dodged            |    44 |    26 ||    70

Table legend: (Time is in decaauts)
 A = Elapsed time spent in this place.
 B = Non-inter-level travel time spent in this place.
 C = Inter-level travel time spent in this place.
 D = Time resting spent in this place.
 E = Time spent auto-exploring this place.
 F = Levels seen in this place.
 G = Mean time per level.
                   A        B        C        D        E       F      G
               +--------+--------+--------+--------+--------+-----+--------+
         Total |   3143 |   3074 |     69 |    732 |   1962 |   3 | 1047.7 |
       Dungeon |   3143 |   3074 |     69 |    732 |   1962 |   3 | 1047.7 |
               +--------+--------+--------+--------+--------+-----+--------+

Top non-repeatable levels by time:
     D:1: 1691 daAuts
     D:2: 942 daAuts
     D:3: 509 daAuts
